 Dungeon Crawl Stone Soup version 0.31-a0-188-g5e087ee2ca (webtiles) character file.

Game seed: 1112386612669116187

138 qw the Skirmisher (level 5, -1/29 HPs)
             Began as a Deep Elf Hunter on June 23, 2023.
             Succumbed to a kobold brigand's curare-tipped dart
             ... on level 3 of the Dungeon.
             The game lasted 00:01:07 (2256 turns).

qw the Skirmisher (Deep Elf Hunter)                 Turns: 2256, Time: 00:01:07

Health: -1/29      AC:  5    Str: 18    XL:     5   Next: 1%
Magic:  1/7        EV: 11    Int: 14    God:
Gold:   34         SH:  0    Dex: 18    Spells: 4/4 levels left

rFire   . . .        Y - +0 shortbow
rCold   + . .        (shield currently unavailable)
rNeg    + . .        i - +0 ring mail
rPois   .            a - +0 hat of Ylucwi {rC+ rN+ Str+2}
rElec   .            (no cloak)
rCorr   .            (no gloves)
SInv    .            (no boots)
Will    .....        o - amulet of guardian spirit
Stlth   +            j - +6 ring of strength
HPRegen 0.24/turn    (no ring)
MPRegen 0.10/turn

%: guardian spirit
@: lethally poisoned (-1 -> -20), slowed, very slow
A: no striking features
a: no special abilities


You were on level 3 of the Dungeon.
You visited 1 branch of the dungeon, and saw 3 of its levels.

You collected 169 gold pieces.
You spent 135 gold pieces at shops.


   Skills:
 - Level 1.5 Fighting
 + Level 8.4 Ranged Weapons
 - Level 2.4 Dodging
 - Level 1.2 Stealth


You had 4 spell levels left.
You didn't know any spells.
Your spell library was empty.

Inventory:

Hand Weapons
 Y - a +0 shortbow (weapon)
Armour
 a - the +0 hat of Ylucwi (worn) {rC+ rN+ Str+2}
   (You acquired it on level 1 of the Dungeon)

   Str:       It affects your strength (+2).
   rC:        It protects you from cold.
   rN:        It protects you from negative energy.
 b - a +0 pair of gloves
 i - a +0 ring mail (worn)
Jewellery
 j - a +6 ring of strength (left hand)
 o - an amulet of guardian spirit (around neck)
Scrolls
 d - a scroll of identify
Potions
 e - 4 potions of curing
 h - a potion of resistance {unknown}
 l - a potion of might {unknown}
 m - a potion of ambrosia {unknown}

Dungeon Overview and Level Annotations

Branches:
Dungeon (3/15)

Altars:
Qazlal

Shops:
D:2 !   D:3 [

Annotations:
D:3 Robin


Message History

The arrow hits the hobgoblin but does no damage.
Your surroundings suddenly seem different.
A hobgoblin and a kobold brigand come into view.
The kobold brigand is wielding a +0 club and quivering curare-tipped darts.
The hobgoblin shouts!
The kobold brigand shouts!
The hobgoblin throws a stone.
The stone hits you but does no damage.
Enter note:
Enter note:
Enter note:
Enter note:
Enter note:
Enter note:
Enter note:
Enter note:
Enter note:
Enter note:
Enter note:
Enter note:
Enter note:
Enter note:
Enter note:
Enter note:
Enter note:
Enter note:
Enter note:
Enter note:
Enter note: You shoot an arrow.
The arrow hits the kobold brigand.
The kobold brigand is lightly wounded.
You shoot an arrow.
The arrow hits the kobold brigand but does no damage.
The kobold brigand is lightly wounded.
The kobold brigand throws a curare-tipped dart.
The curare-tipped dart hits you.
You are lethally poisoned!
You have difficulty breathing.
You feel yourself slow down.
The hobgoblin throws a stone.
The stone barely misses you.
You shoot an arrow. The arrow hits the kobold brigand.
The kobold brigand is lightly wounded.
You die...

....# #..........#
#..... ....#
###........# #.....
....##### #........#
#.....
....'...###........#
#.....
....###.#..........#
#.....
....###.#.#........#
#.....
###.#.....#.....K..#
#.....
..#................#
#.....
#.#.>.).......g.@###
#.....
#.#.####..######..#
#..... #.#)##~#..#
##... ######
#.#)#~~#..## ##.#
#....~~##..# .#
####~~~~#..# . #
#~~~~#..# # #
#~~~~#..# ##~~##..#


You could see a kobold brigand and a hobgoblin.

Vanquished Creatures
  Jessica (D:2)
  An adder (D:2)
  A gnoll (D:2)
  A worm (D:3)
  A dart slug (D:1)
  An orc (D:3)
  9 endoplasms
  A giant cockroach (D:2)
  20 goblins
  10 hobgoblins
  2 jackals (D:2)
  2 quokkas (D:2)
  6 ball pythons
  6 bats
  3 frilled lizards (D:1)
  11 kobolds
  5 rats
81 creatures vanquished.

Notes
Turn   | Place    | Note
-------+----------+-------------------------------------------
     0 | D:1      | qw the Deep Elf Hunter began the quest for the Orb.
     0 | D:1      | Reached XP level 1. HP: 12/12 MP: 3/3
     0 | D:1      | 0 ||| qw: Version: 0.3-a-9-g12657ce
     0 | D:1      | 0 ||| qw: Game counter: 3839
     0 | D:1      | 0 ||| qw: Always use a shield: true
     0 | D:1      | 0 ||| qw: God list: Okawaru
     0 | D:1      | 0 ||| qw: Allow faded altars: false
     0 | D:1      | 0 ||| qw: Do Orc after D:15 true
     0 | D:1      | 0 ||| qw: Do second Lair branch before Depths: true
     0 | D:1      | 0 ||| qw: Lair rune preference: random
     0 | D:1      | 0 ||| qw: Plans: Normal
     0 | D:1      | 0 ||| PLANNING D:1-11
   140 | D:1      | Reached skill level 6 in Ranged Weapons
   140 | D:1      | Reached XP level 2. HP: 16/16 MP: 4/4
   211 | D:1      | Found a faded altar of an unknown god.
   512 | D:1      | Reached XP level 3. HP: 20/20 MP: 5/5
   750 | D:1      | 750 ||| UPGRADING to +0 ring mail.
   760 | D:1      | 760 ||| DROPPING +0 leather armour.
   761 | D:1      | 761 ||| UPGRADING to amulet of guardian spirit.
   766 | D:1      | 766 ||| UPGRADING to +6 ring of strength.
   767 | D:1      | 767 ||| READING scroll labelled GEIPANG TECKU.
   768 | D:1      | 768 ||| READING scroll labelled KEEFYI SUNLAF.
   769 | D:1      | 769 ||| READING scroll labelled UNOYDAW DYUD.
   769 | D:1      | Identified a scroll of acquirement
   769 | D:1      | 769 ||| ACQUIRING +0 hat of Ylucwi {rC+ rN+ Str+2}
   769 | D:1      | Acquired the +0 hat of Ylucwi {rC+ rN+ Str+2}
   771 | D:1      | 771 ||| UPGRADING to +0 hat of Ylucwi {rC+ rN+ Str+2}.
   776 | D:1      | 776 ||| READING 2 scrolls labelled BOUKHL ITTOTO.
   781 | D:1      | 781 ||| DRINKING 3 coppery potions.
   782 | D:1      | 782 ||| DROPPING scroll of butterflies.
   809 | D:2      | Noticed Jessica
   815 | D:2      | Killed Jessica
   816 | D:2      | Reached skill level 7 in Ranged Weapons
   947 | D:2      | Reached XP level 4. HP: 25/25 MP: 6/6
  1005 | D:2      | 1005 ||| Stepping ~*~*~tactically~*~*~ (outnumbered).
  1252 | D:2      | Found Geschu's Distillery.
  1262 | D:2      | 1262 ||| BUYING 2 potions of curing (72 gold).
  1262 | D:2      | Bought 2 potions of curing for 72 gold pieces
  1262 | D:2      | 1262 ||| SHOPLISTING potion of curing (36 gold, have 27).
  1262 | D:2      | 1262 ||| SHOPLISTING potion of haste (120 gold, have 27).
  1262 | D:2      | 1262 ||| SHOPLISTING potion of heal wounds (60 gold, have
                  | 27).
  1262 | D:2      | 1262 ||| SHOPLISTING potion of might (48 gold, have 27).
  1613 | D:2      | 1613 ||| READING 2 scrolls labelled TIMAMYQOEL.
  1614 | D:2      | 1614 ||| READING scroll labelled COVOICWESONIO.
  1615 | D:2      | 1615 ||| DRINKING 3 murky pink potions.
  1616 | D:2      | 1616 ||| DROPPING scroll of immolation.
  1635 | D:3      | Found a stormy altar of Qazlal.
  1643 | D:3      | Reached skill level 8 in Ranged Weapons
  1645 | D:3      | 1645 ||| FLEEEEING.
  1646 | D:3      | 1646 ||| FLEEEEING.
  1647 | D:3      | 1647 ||| FLEEEEING.
  1648 | D:3      | 1648 ||| FLEEEEING.
  1649 | D:3      | 1649 ||| FLEEEEING.
  1650 | D:3      | 1650 ||| FLEEEEING.
  1651 | D:3      | 1651 ||| FLEEEEING.
  1679 | D:3      | Noticed Robin
  1690 | D:3      | HP: 6/25 [goblin/+0 dagger[Robin] (1)]
  1690 | D:3      | HP: 2/25 [hobgoblin[Robin] (4)]
  1691 | D:3      | 1691 ||| READING 2 scrolls of teleportation.
  1692 | D:3      | 1692 ||| DRINKING 2 potions of heal wounds.
  1950 | D:3      | 1950 ||| FLEEEEING.
  1953 | D:3      | 1953 ||| FLEEEEING.
  1954 | D:3      | 1954 ||| FLEEEEING.
  1957 | D:3      | 1957 ||| FLEEEEING.
  1958 | D:3      | 1958 ||| FLEEEEING.
  1959 | D:3      | 1959 ||| FLEEEEING.
  1961 | D:3      | 1961 ||| FLEEEEING.
  1962 | D:3      | 1962 ||| FLEEEEING.
  1963 | D:3      | 1963 ||| FLEEEEING.
  2157 | D:3      | Found Vuycaf's Armour Boutique.
  2162 | D:3      | 2162 ||| BUYING +0 pair of gloves (63 gold).
  2162 | D:3      | Bought a +0 pair of gloves for 63 gold pieces
  2162 | D:3      | 2162 ||| SHOPLISTING +1 fire dragon scales (938 gold, have
                  | 34).
  2162 | D:3      | 2162 ||| SHOPLISTING +4 ring mail of fire resistance (434
                  | gold, have 34).
  2243 | D:3      | Reached XP level 5. HP: 27/29 MP: 7/7
  2249 | D:3      | HP: 6/29 [Robin/+0 trident (5)]
  2250 | D:3      | 2250 ||| READING scroll of teleportation.
  2251 | D:3      | 2251 ||| DRINKING potion of heal wounds.
  2255 | D:3      | HP: 6/29 [asphyx]
  2256 | D:3      | Succumbed to a kobold brigand's curare-tipped dart

Levels and vault maps discovered:
D:1:      sevenhm_arrival_forest_fort_small_4, layout_basic,
          hellmonk_ecumenical_altar_crossroads, minmay_tetromino_i4
D:2:      layout_basic, serial_shops, shop, cheibrodos_gnoll_hut, uniq_jessica
D:3:      cheibrodos_thug_alley, layout_basic, mainiacjoe_overflow_paths,
          serial_shops, shop, uniq_robin, uniq_crazy_yiuf_cottage

Skill      XL: |  1  2  3  4 |
---------------+-------------+-----
Ranged Weapons | 6 7 8 |  8.4
Fighting       | |  1.5
Dodging        | |  2.4
Stealth        | |  1.2

Action                     |  1- 3 |  4- 6 || total
---------------------------+-------+-------++-------
   Fire: Shortbow          |   109 |   108 ||   217
    Use: Scroll            |     4 |     4 ||     8
         Potion            |     1 |     3 ||     4
 Armour: Leather armour    |     4 |       ||     4
         Ring mail         |     2 |    20 ||    22
  Dodge: Dodged            |    24 |    41 ||    65

Table legend:
 A = Non-vault XP
 B = Vault XP
 C = Vault XP percentage of total XP
 D = Non-vault monster count
 E = Vault monster count
 F = Vault count percentage of total count
                 A         B        C        D         E       F
            +---------+---------+-------+---------+---------+-------
      Total |     111 |      87 |  43.9 |      57 |      24 |  29.6
            +---------+---------+-------+---------+---------+-------
        D:1 |      46 |       2 |   4.2 |      29 |       2 |   6.5
        D:2 |      45 |      54 |  54.5 |      18 |       4 |  18.2
        D:3 |      20 |      31 |  60.8 |      10 |      18 |  64.3
            +---------+---------+-------+---------+---------+-------
